 Dungeon Crawl Stone Soup version 0.30.0-2-g1aa4bd4387 (webtiles) character file.

Game seed: 7414802295098664034

29995 Peloso the Protected (level 13, -2/117 HPs)
             Began as a Minotaur Fighter on May 7, 2023.
             Was a High Priest of Okawaru.
             Slain by Rupert
             ... wielding a +0 battleaxe of electrocution
              (17 damage)
             ... on level 3 of the Lair of Beasts.
             The game lasted 00:44:32 (18486 turns).

Peloso the Protected (Minotaur Fighter)            Turns: 18486, Time: 00:44:33

Health: -2/117     AC: 18    Str: 24    XL:     13   Next: 18%
Magic:  12/14      EV: 15    Int:  5    God:    Okawaru [*****.]
Gold:   1124       SH:  0    Dex: 17    Spells: 12/12 levels left

rFire   + + +        c - +7 great mace "Firestarter" {flame, immolate, rFlCloud rF++}
rCold   + . .        (shield currently unavailable)
rNeg    + . .        F - +6 chain mail "Ceim" {*Corrode rPois Dex+5}
rPois   +            (helmet restricted)
rElec   .            e - scarf {rC+ rF+}
rCorr   .            (no gloves)
SInv    .            y - +0 pair of boots
Will    .....        N - amulet "Extar" {Acrobat Drain rN+ Regen+}
Stlth   +            Q - +4 ring of slaying
HPRegen 1.19/turn    B - ring of poison resistance
MPRegen 0.14/turn

%: corrode self (3%), acrobat
@: heroic, corroded
A: horns 2, retaliatory headbutt
a: Renounce Religion, Heroism, Finesse, Duel


You were on level 3 of the Lair of Beasts.
You worshipped Okawaru.
Okawaru was extremely pleased with you.
You visited 3 branches of the dungeon, and saw 15 of its levels.
You also visited: Sewer, Bailey and Gauntlet.

You collected 1139 gold pieces.
You spent 15 gold pieces at shops.

Inventory:

Hand Weapons
 a - a +4 falchion of electrocution
 b - the +2 short sword of Contradiction {heavy, Int+4}
   (You found it on level 2 of the Dungeon)

   Int:       It affects your intelligence (+4).
 c - the +7 great mace "Firestarter" (weapon) {flame, immolate, rFlCloud rF++}
   (You found it on level 9 of the Dungeon)

   rFlCloud:  It grants immunity to clouds of flame.
   rF:        It greatly protects you from fire.
 r - the +7 broad axe "Jellyslayer" {flame, Fly rElec Will- rCorr}
   (You found it in a Gauntlet)

   rElec:     It insulates you from electricity.
   Fly:       It grants you flight.
   rCorr:     It protects you from acid and corrosion.
   Will:      It decreases your willpower.
Missiles
 l - 6 throwing nets (quivered)
Armour
 d - a +0 buckler
 e - a scarf of resistance (worn)
 y - a +0 pair of boots (worn)
 F - the +6 chain mail "Ceim" (worn) {*Corrode rPois Dex+5}
   (Okawaru gifted it to you on level 1 of the Lair of Beasts)

   Dex:       It affects your dexterity (+5).
   rPois:     It protects you from poison.
   *Corrode:  It may corrode you when you take damage.
 H - +0 acid dragon scales
 I - a +3 scale mail of fire resistance
Jewellery
 i - an amulet of the acrobat
 n - a ring of ice
 s - a ring of positive energy
 w - a +5 ring of evasion
 B - a ring of poison resistance (right hand)
 D - a ring of fire
 K - a ring of protection from cold
 N - the amulet "Extar" (around neck) {Acrobat Drain rN+ Regen+}
   (You found it in a Gauntlet)

   [amulet of the acrobat]

   It increases your evasion while moving and waiting.
   rN:        It protects you from negative energy.
   Regen:     It increases your rate of health regeneration.
   Drain:     It drains your maximum health when unequipped.
 Q - a +4 ring of slaying (left hand)
 R - an amulet of regeneration
Wands
 f - a wand of acid (6)
 z - a wand of paralysis (18)
 E - a wand of roots (29)
 L - a wand of mindburst (12)
 O - a wand of flame (14)
Scrolls
 j - 6 scrolls of fog
 o - a scroll of teleportation
 q - 2 scrolls of fear
 t - 2 scrolls of immolation
 x - 3 scrolls of enchant weapon
 J - 3 scrolls of enchant armour
 M - a scroll of brand weapon
 P - 2 scrolls of identify
Potions
 g - a potion of ambrosia
 h - 3 potions of haste
 k - 7 potions of curing
 m - 3 potions of cancellation
 p - 7 potions of invisibility
 u - 2 potions of flight
 v - 3 potions of resistance
 A - a potion of brilliance
 C - 2 potions of magic
 G - 4 potions of might


   Skills:
 + Level 11.9(16.9) Fighting
 + Level 8.0(15.9) Short Blades
 + Level 12.6(18.6) Long Blades
 + Level 9.7(14.7) Maces & Flails
 + Level 13.3(18.3) Armour
 + Level 5.4(10.4) Dodging
 + Level 1.8(6.8) Stealth
 + Level 9.0(14.0) Shields
 + Level 2.7 Invocations
 + Level 0.4 Evocations


You had 12 spell levels left.
You didn't know any spells.
Your spell library contained the following spells:

 Spells                   Type           Power      Damage    Failure   Level
 Shock                    Conj/Air       0%         1d3       85%         1
 Sting                    Tmut/Pois      0%         1d3       85%         1
 Poisonous Vapours        Pois/Air       0%         N/A       94%         2
 Frozen Ramparts          Ice            0%         1d1       99%         3
 Gell's Gravitas          Tloc           0%         N/A       99%         3
 Swiftness                Air            0%         N/A       99%         3
 Airstrike                Air            0%         2d(0-16)  100%        4
 Ice Form                 Ice/Tmut       0%         N/A       100%        4
 Iskenderun's Mystic Bla  Conj/Tloc      0%         2d3       100%        4
 Olgreb's Toxic Radiance  Pois           0%         N/A       100%        4
 Orb of Destruction       Conj           0%         9d5       100%        7
 Summon Guardian Golem    Hex/Summ       Unusable   N/A       N/A         3
 Summon Ice Beast         Ice/Summ       Unusable   N/A       N/A         4
 Spellforged Servitor     Conj/Summ      Unusable   N/A       N/A         7
 Summon Horrible Things   Summ           Unusable   N/A       N/A         8

Dungeon Overview and Level Annotations

Branches:
Dungeon (11/15)            Temple (1/1) D:7            Lair (3/5) D:10
 Shoals (0/4) Lair:2          Orc (0/2) D:10          Sewer (visited)
 Bailey (visited)         Gauntlet (visited)
  Snake: Lair:2-3    Spider: Lair:2-3

Altars:
Ashenzari
Cheibriados
Dithmenos
Elyvilon
Fedhas
Gozag
Hepliaklqana
Kikubaaqudgha
Makhleb
Nemelex Xobeh
Okawaru
Qazlal
Ru
Sif Muna
Trog
Uskayaw
Vehumet
Wu Jian
Xom
Yredelemnul
Zin
The Shining One

Shops:
D:4 [[   D:7 *

Annotations:
D:10 1 runed translucent door, Icreabex's ghost, journeyman MfSk
Lair:3 Rupert


Innate Abilities, Weirdness & Mutations

You have a pair of horns on your head.
You reflexively headbutt those who attack you in melee.


Message History

The fungus is engulfed in blazing flames.
A nearby fungus withers and dies.
HP restored.
You now have 1111 gold pieces (gained 11).
Found a stone staircase leading down.
You now have 1124 gold pieces (gained 13).
Found 6 stones.
A sourceless malevolence fills the Lair of Beasts...
You fall into a shaft and drop 1 floor!
The shaft crumbles and collapses.
Rupert the Wild comes into view.
He is wielding a +0 battleaxe of electrocution and wearing a +1 leather armour of positive energy.
Rupert shouts!
Found four items.
Found a stone staircase leading down.
You gain the combat prowess of a mighty hero.
Rupert roars madly and goes into a rage!
Rupert goes berserk!
You completely miss Rupert. You headbutt Rupert.
Rupert is lightly wounded.
Rupert closely misses you. Rupert barely misses you.
You completely miss Rupert.
Rupert is lightly wounded.
Rupert hits you with a +0 battleaxe of electrocution!
You hit Rupert. You burn Rupert.
Rupert is filled with an inner flame.
Rupert is lightly wounded.
Rupert hits you with a +0 battleaxe of electrocution.
You are electrocuted!
You bludgeon Rupert!!
Flame seeps out of Rupert.
You burn Rupert!
Flame seeps out of Rupert.
Your headbutt misses Rupert.
Rupert is moderately wounded.
Rupert is engulfed in blazing flames.
Flame seeps out of Rupert.
Rupert hits you with a +0 battleaxe of electrocution!!!
You are electrocuted!
Your corrosive artefact corrodes you!
Rupert is engulfed in blazing flames.
Flame seeps out of Rupert.
Rupert hits you with a +0 battleaxe of electrocution!!
* * * LOW HITPOINT WARNING * * *
You closely miss Rupert.
Rupert is heavily wounded.
Rupert's inner flame fades away.
Rupert is engulfed in blazing flames.
Rupert hits you with a +0 battleaxe of electrocution!
You die...

.........
........#
..?.....
#......
#....#
#..?.##
####...@P#
.......@##
##.......#
.....#..##
........#
....>...#
!........
.....#..#
###+##..#
.)..


You could see Rupert (berserk).

Vanquished Creatures
  A minotaur (Gauntlet)
  A hydra (Gauntlet)
  Harold (Lair:1)
  A centaur warrior (D:7)
  5 two-headed ogres
  A wizard (Gauntlet)
  A harpy (Lair:2)
  A deep elf pyromancer (D:7)
  An orc knight (Bailey)
  An oklob plant (D:10)
  2 ugly things (D:11)
  A manticore (D:8)
  6 elephants (Lair:1)
  A torpor snail (Gauntlet)
  An unseen horror (D:11)
  4 cane toads
  A kobold demonologist (D:7)
  4 komodo dragons
  2 trolls
  A hornet (D:11)
  Grinder (D:4)
  A shadow (D:10)
  7 slime creatures
  2 vampires (D:7)
  6 wyverns
  A wraith (D:9)
  28 yaks
  3 basilisks
  4 steam dragons
  A vampire mosquito (D:7)
  4 swamp worms
  5 water moccasins
  An acid dragon (D:10)
  A swamp drake (D:10)
  5 sky beasts
  5 orc warriors
  3 ice beasts
  6 wolves (Lair:2)
  3 black bears (D:7)
  7 centaurs
  A phantom (D:6)
  Blork the orc (D:5)
  6 kobold brigands
  9 bullfrogs
  4 scorpions
  12 wights
  10 killer bees
  A vampire bat (D:6)
  4 howler monkeys
  3 jellies
  4 hounds (D:7)
  Crazy Yiuf (D:3)
  2 gnoll boudas (D:7)
  6 orc priests
  Jessica (D:3)
  An iguana (D:6)
  3 sleepcaps
  Ijyb (D:3)
  18 orc wizards
  24 gnolls
  A river rat (Sewer)
  17 adders
  4 white imps
  2 ufetubi (D:7)
  7 worms
  4 dart slugs
  49 orcs
  4 bat zombies (D:6)
  4 endoplasms
  4 giant cockroaches
  10 goblins
  3 hobgoblins
  2 jackals (D:1)
  12 kobolds
  2 quokkas
  11 ball pythons
  9 bats
  5 frilled lizards
  16 rats
409 creatures vanquished.

Vanquished Creatures (others)
  A demonic plant (Gauntlet)
  3 fungi (Lair:2)
  12 plants
16 creatures vanquished.

Grand Total: 425 creatures vanquished

Notes
Turn   | Place    | Note
-------+----------+-------------------------------------------
     0 | D:1      | Peloso the Minotaur Fighter began the quest for the Orb.
     0 | D:1      | Reached XP level 1. HP: 19/19 MP: 0/0
   106 | D:1      | Reached XP level 2. HP: 27/27 MP: 1/1
   216 | D:1      | Reached skill level 4 in Armour
   616 | D:2      | Reached XP level 3. HP: 33/33 MP: 2/2
   893 | D:2      | Identified the +2 short sword of Contradiction {heavy,
                  | Int+4}
   903 | D:2      | Reached skill level 1 in Dodging
   903 | D:2      | Reached XP level 4. HP: 40/40 MP: 3/3
  1343 | D:3      | Noticed Ijyb
  1355 | D:3      | Killed Ijyb
  1446 | D:3      | Found a runed translucent door.
  1447 | D:3      | Noticed Crazy Yiuf
  1534 | D:3      | Found a glowing drain.
  1545 | Sewer    | Entered a sewer
  1649 | Sewer    | Reached XP level 5. HP: 41/46 MP: 4/4
  1801 | Sewer    | Reached skill level 1 in Short Blades
  2101 | Sewer    | Reached skill level 5 in Armour
  2101 | Sewer    | Reached XP level 6. HP: 37/53 MP: 5/5
  2659 | D:3      | Noticed Jessica
  2663 | D:3      | Killed Jessica
  2772 | D:3      | Found a burning altar of Makhleb.
  2772 | D:3      | Noticed a green death
  3036 | D:3      | Found a radiant altar of Vehumet.
  3209 | D:4      | Found Nedezega's Antique Armour Shop.
  3281 | D:3      | Reached skill level 5 in Fighting
  3281 | D:3      | Reached skill level 5 in Shields
  3519 | D:3      | Reached XP level 7. HP: 24/61 MP: 6/6
  3930 | D:4      | Found an ornate altar of the Wu Jian Council.
  4070 | D:4      | Found a bloodstained altar of Trog.
  4078 | D:4      | Found a sacrificial altar of Ru.
  4203 | D:4      | Noticed Grinder
  4224 | D:4      | Killed Grinder
  4225 | D:4      | Reached skill level 6 in Armour
  4344 | D:4      | Found Daghoroh's Armour Shoppe.
  4408 | D:4      | Found a shimmering blue altar of Sif Muna.
  4773 | D:5      | Entered Level 5 of the Dungeon
  4834 | D:5      | Reached skill level 1 in Stealth
  4930 | D:5      | Reached skill level 7 in Armour
  5087 | D:5      | Noticed Blork the orc
  5097 | D:5      | Killed Blork the orc
  5098 | D:5      | Reached XP level 8. HP: 43/69 MP: 7/7
  5268 | D:5      | Reached skill level 5 in Short Blades
  5736 | D:6      | Found a basalt altar of Yredelemnul.
  5747 | D:6      | Noticed a two-headed ogre
  5756 | D:6      | Killed a two-headed ogre
  5757 | D:6      | Reached skill level 8 in Armour
  5866 | D:6      | Reached XP level 9. HP: 33/77 MP: 8/8
  6255 | D:6      | Found a blossoming altar of Fedhas.
  6504 | D:6      | Found an ancient bone altar of Kikubaaqudgha.
  6796 | D:6      | Found a white marble altar of Elyvilon.
  6796 | D:6      | Found a glowing silver altar of Zin.
  6798 | D:6      | Found a glowing golden altar of the Shining One.
  6979 | D:7      | Reached skill level 9 in Armour
  7342 | D:7      | Found Rusis's Assorted Antiques.
  7352 | D:7      | Bought a scroll labelled SEWNOE ONNORO for 15 gold pieces
  7584 | D:7      | Found a snail-covered altar of Cheibriados.
  7778 | D:7      | Found a staircase to the Ecumenical Temple.
  7809 | Temple   | Entered the Ecumenical Temple
  7872 | Temple   | Became a worshipper of Warmaster Okawaru
  7932 | D:7      | Reached skill level 5 in Long Blades
  7951 | D:7      | Reached XP level 10. HP: 13/88 MP: 9/9
  8209 | D:7      | Reached * piety under Okawaru
  8259 | D:7      | Reached skill level 10 in Armour
  8591 | D:7      | Noticed a two-headed ogre
  8762 | Temple   | Killed a two-headed ogre
  8941 | D:7      | Noticed a deep elf pyromancer
  8947 | D:7      | Reached ** piety under Okawaru
  8955 | D:7      | Killed a deep elf pyromancer
  9241 | D:7      | Reached skill level 1 in Invocations
  9252 | D:7      | Noticed a centaur warrior
  9263 | D:7      | Killed a centaur warrior
  9263 | D:7      | Reached *** piety under Okawaru
  9289 | D:7      | Reached XP level 11. HP: 58/97 MP: 11/11
  9709 | D:7      | Noticed a two-headed ogre
  9716 | D:7      | Killed a two-headed ogre
 10474 | D:8      | Reached skill level 11 in Armour
 10637 | D:8      | You fall into a shaft and drop 2 floors!
 10637 | D:10     | Entered Level 10 of the Dungeon
 10798 | D:10     | Found a flagged portal.
 10869 | Bailey   | Entered a bailey
 11077 | Bailey   | Noticed an orc knight
 11090 | Bailey   | Killed an orc knight
 11091 | Bailey   | Reached skill level 10 in Long Blades
 11295 | D:9      | Found the +7 great mace "Firestarter" {flame, immolate,
                  | rFlCloud rF++}
 11308 | D:10     | Reached **** piety under Okawaru
 11566 | D:9      | Reached skill level 10 in Fighting
 13016 | D:9      | Noticed a two-headed ogre
 13034 | D:9      | Killed a two-headed ogre
 13611 | D:9      | Got Ureviv's Grimoire of Productive Correspondence
 13936 | D:3      | Killed Crazy Yiuf
 14245 | D:10     | Found a staircase to the Lair.
 14248 | D:10     | Noticed an oklob plant
 14373 | D:10     | Reached skill level 12 in Armour
 14654 | D:10     | Found a staircase to the Orcish Mines.
 14883 | D:10     | Found a runed translucent door.
 14883 | D:10     | Noticed a death knight
 14883 | D:10     | Noticed Icreabex's ghost (journeyman MfSk)
 15204 | D:10     | Killed an oklob plant
 15204 | D:10     | Reached ***** piety under Okawaru
 15205 | D:10     | Reached skill level 5 in Dodging
 15205 | D:10     | Reached XP level 12. HP: 64/107 MP: 12/12
 15377 | Lair:1   | Entered Level 1 of the Lair of Beasts
 15409 | Lair:1   | Reached skill level 1 in Maces & Flails
 15417 | Lair:1   | Noticed Harold
 15424 | Lair:1   | Killed Harold
 15936 | Lair:1   | Identified the +6 chain mail "Ceim" {*Corrode rPois Dex+5}
                  | (Okawaru gifted it to you on level 1 of the Lair of Beasts)
 15936 | Lair:1   | Received a gift from Okawaru
 15953 | Lair:1   | Reached skill level 5 in Maces & Flails
 16712 | D:11     | HP: 1/110 [slime creature (14)]
 17012 | D:11     | Noticed a two-headed ogre
 17021 | D:11     | Killed a two-headed ogre
 17022 | D:11     | Reached skill level 13 in Armour
 17041 | D:11     | Found a gate leading to a gauntlet.
 17050 | Gauntlet | Entered a Gauntlet
 17050 | Gauntlet | Found a transporter.
 17053 | Gauntlet | Found a transporter.
 17055 | Gauntlet | Found a transporter.
 17072 | Gauntlet | Found a transporter.
 17074 | Gauntlet | Found a transporter.
 17085 | Gauntlet | Found a transporter.
 17087 | Gauntlet | Noticed a six-headed hydra
 17101 | Gauntlet | Found a runed translucent door.
 17102 | Gauntlet | Found a transporter.
 17103 | Gauntlet | Found a runed translucent door.
 17106 | Gauntlet | Found a transporter.
 17126 | Gauntlet | Found a transporter.
 17130 | Gauntlet | Found a transporter.
 17132 | Gauntlet | Found a transporter.
 17138 | Gauntlet | Noticed a catoblepas
 17158 | Gauntlet | Found a transporter.
 17162 | Gauntlet | Found a transporter.
 17199 | Gauntlet | Found a transporter.
 17341 | Gauntlet | Identified the +7 broad axe "Jellyslayer" {flame, Fly rElec
                  | Will- rCorr}
 17543 | Gauntlet | Killed a six-headed hydra
 17544 | Gauntlet | Identified the +5 chain mail of Okawaru's Delight {Harm
                  | rCorr MP+9 Str-5} (Okawaru gifted it to you in a Gauntlet)
 17544 | Gauntlet | Received a gift from Okawaru
 17545 | Gauntlet | Reached XP level 13. HP: 88/117 MP: 10/13
 17551 | Gauntlet | Identified the amulet "Extar" {Acrobat Drain rN+ Regen+}
 17630 | Gauntlet | Noticed a minotaur
 17643 | Gauntlet | Killed a minotaur
 18246 | Lair:2   | Found a staircase to the Shoals.
 18478 | Lair:2   | You fall into a shaft and drop 1 floor!
 18478 | Lair:3   | Noticed Rupert
 18486 | Lair:3   | Slain by Rupert

Illustrated notes

Levels and vault maps discovered:
D:1:      amcnicky_arrival_abandoned_market, layout_basic,
          chequers_serial_rivers_small_a
D:2:      layout_basic
D:3:      layout_loops_ring, mainiacjoe_overflow_boulevard,
          makhleb_altar_promises_db, cheibrodos_sewer_entry_drain,
          kennysheep_generic_room_12, uniq_ijyb, uniq_jessica,
          uniq_crazy_yiuf_cottage
D:4:      layout_cave_pools, pf_just_have_faith, jmf_multi_god_temple,
          kennysheep_orc_sif_temple, serial_shops, nicolae_shop_window_shopping,
          nicolae_take_the_stairs, uniq_grinder
D:5:      layout_basic, uniq_blork_the_orc
D:6:      layout_basic, dreamdust_divine_triumvirate,
          mainiacjoe_overflow_alcove_2, general_overflow_altar,
          kennysheep_vampire_church, kennysheep_windowed_goal
D:7:      nzn_winding_woodlands_large [nzn_winding_woodlands_5x5_cross,
          nzn_winding_woodlands_5x15_split_checker,
          nzn_winding_woodlands_hourglass,
          nzn_winding_woodlands_center_diamonds,
          nzn_winding_woodlands_15x15_killbox,
          nzn_winding_woodlands_center_pierced_h,
          nzn_winding_woodlands_5x5_default, nzn_winding_woodlands_5x15_default,
          nzn_winding_woodlands_5x5_closed_star], layout_loops_ring,
          chei_slow_surprise, minmay_temple_entry_purple_smoke, serial_shops,
          nicolae_lakefront_shop
D:8:      kennysheep_blocky_hall, layout_basic
D:9:      layout_cave_pods, worms_lemuel
D:10:     layout_roguey, dpeg_oklobed_lair, erik_orc_1,
          ebering_ghost_inner_flame, enter_bailey_5, hangedman_misty_isle
D:11:     layout_cross, gauntlet_entry_generic
Temple:   compressed_dpeg_triangle_lava_temple
Lair:1:   layout_cellular_growth, grunt_megastairs_4, uniq_harold
Lair:2:   layout_regular_city, nicolae_shoals_entry_roost,
          spider_nest_entry_funnel_web
Lair:3:   layout_chaotic_city, gammafunk_ghost_hive, uniq_rupert

Skill      XL: |  1  2  3  4  5  6  7  8  9 10 11 12 13 |
---------------+----------------------------------------+-----
Shields        | 4 5 6 8 9 |  9.0
Armour         | 4 5 7 8 9 10 12 13 | 13.3
Long Blades    | 3 4 5 9 12 | 12.6
Fighting       | 4 5 6 7 9 10 11 | 11.9
Dodging        | 1 2 3 4 5 |  5.4
Short Blades   | 2 3 4 6 8 |  8.0
Stealth        | 1 |  1.8
Invocations    | 1 2 |  2.7
Maces & Flails | 8 9 |  9.7
Evocations     | |  0.4

Action                     |  1- 3 |  4- 6 |  7- 9 | 10-12 | 13-15 || total
---------------------------+-------+-------+-------+-------+-------++-------
  Melee: Long sword        |    91 |       |       |       |       ||    91
         Headbutt          |    12 |    28 |    63 |   166 |    10 ||   279
         Short sword       |       |   181 |   215 |       |       ||   396
         Falchion          |       |       |    75 |   586 |       ||   661
         Great mace        |       |       |       |   118 |    34 ||   152
 Invoke: Heroism           |       |       |       |    13 |     3 ||    16
  Evoke: Wand              |       |       |     2 |       |       ||     2
    Use: Scroll            |     2 |     3 |     6 |    14 |       ||    25
         Potion            |     2 |       |     3 |     7 |       ||    12
 Armour: Scale mail        |    50 |    50 |     4 |       |       ||   104
         Chain mail        |       |       |   103 |   282 |    31 ||   416
         Plate armour      |       |       |       |    72 |       ||    72
  Dodge: Dodged            |    56 |    94 |   163 |   405 |    41 ||   759
  Block: Buckler           |    17 |    47 |    77 |   134 |       ||   275
